 Dungeon Crawl Stone Soup version 0.26-a0-50-gc4d14cd (webtiles) character file.

Game seed: 12652979013875615506

1 Belboz the Chiller (level 1, -4/14 HPs)
             Began as a Ghoul Ice Elementalist on June 4, 2020.
             Slain by a leopard gecko (5 damage)
             ... on level 1 of the Dungeon.
             The game lasted 00:00:35 (202 turns).

Belboz the Chiller (Ghoul Ice Elementalist)          Turns: 202, Time: 00:00:35

Health: -4/14      AC:  2    Str: 11    XL:     1   Next: 20%
Magic:  1/2        EV: 12    Int: 10    God:
Gold:   0          SH:  0    Dex:  9    Spells: 2/3 levels left

rFire    . . .     SeeInvis .   (no weapon)
rCold    + . .     Gourm    .   (no shield)
rNeg     + + +     Faith    .   a - +0 robe
rPois    ∞         Spirit   .   (no helmet)
rElec    .         Reflect  .   (no cloak)
rCorr    .         Harm     .   (no gloves)
MR       .....                  (no boots)
Stlth    ++........             (no amulet)
HPRegen  0.00/turn              (no ring)
MPRegen  0.08/turn              (no ring)

@: rotting
A: rotting body, claws 1, carnivore, cold resistance 1, negative energy
resistance 3, inhibited regeneration, torment resistance, unbreathing
a: no special abilities


You were on level 1 of the Dungeon.
You were not hungry.

You visited 1 branch of the dungeon, and saw 1 of its levels.

Inventory:

Armour
 a - a +0 robe (worn)
Potions
 d - a potion of invisibility {unknown}
Comestibles
 b - a chunk of flesh
 c - a ration


   Skills:
 * Level 1.8 Dodging
 - Level 2.1 Stealth
 * Level 0.1 Unarmed Combat
 + Level 1.8 Spellcasting
 + Level 4.4 Ice Magic


You had 2 spell levels left.
You knew the following spells:

 Your Spells              Type           Power        Failure   Level  Hunger
a - Freeze                Ice            #...         5%          1    ##.....

Your spell library contained the following spells:

 Spells                   Type           Power        Failure   Level  Hunger
 Frozen Ramparts          Ice            #.....       16%         3    ####...
 Ozocubu's Armour         Chrm/Ice       #.......     36%         3    ####...
 Hailstorm                Conj/Ice       #.......     78%         4    #####..
 Summon Ice Beast         Ice/Summ       #.......     78%         4    #####..


Dungeon Overview and Level Annotations

Branches:
Dungeon (1/15)

Altars:


Innate Abilities, Weirdness & Mutations

Your body is rotting away.
You thrive on raw meat.
You are immune to poison.
You have sharp fingernails.
You are carnivorous and can eat meat at any time.
Your flesh is cold resistant. (rC+)
You are immune to negative energy. (rN+++)
You do not regenerate when monsters are visible.
You are immune to unholy pain and torment.
You can survive without breathing.


Message History

The dart slug launches a dart at you. The slug dart hits you.
* * * LOW HITPOINT WARNING * * *
You scratch the dart slug.
The dart slug is moderately wounded.
The leopard gecko barely misses you. The leopard gecko closely misses you.
The dart slug bites you.
* * * LOW HITPOINT WARNING * * *
You scratch the dart slug.
The dart slug is heavily wounded.
The leopard gecko bites you but does no damage.
Casting: Freeze (safe; 5% risk of failure)
Confirm with . or Enter, or press ? or * to list all spells.
Aiming: Freeze (safe; 5% risk of failure)
Press: ? - help, Shift-Dir - straight line, f - dart slug
Aim: a dart slug (heavily wounded)
You freeze the dart slug.
The dart slug is severely wounded.
The leopard gecko bites you.
You die...

#.#§§.§. ##+#####..
.>####.#≈≈§<.
..........
.......#≈.§§.
.........#
#.####.'§§§≈§
.........#
#......#§≈§§≈
.........#
######.####.#
.(.......# #.# #.#
.........# #.# #..
?.?...w@.########.#
###
........l'........#
.........##########
##########


You could see a dart slug and a leopard gecko.

Vanquished Creatures
  A goblin (D:1)
1 creature vanquished.

Notes
Turn   | Place    | Note
-------+----------+-------------------------------------------
     0 | D:1      | Belboz the Ghoul Ice Elementalist began the quest for the
                  | Orb.
     0 | D:1      | Reached XP level 1. HP: 14/14 MP: 2/2
   202 | D:1      | Slain by a leopard gecko

Illustrated notes

Levels and vault maps discovered:
D:1:      ncdulo_lavacross, layout_basic

Action                   || total
-------------------------++-------
Melee: Unarmed           ||     6
 Cast: Freeze            ||     3
  Eat: Chunk             ||     2
Armor: Robe              ||     1
Dodge: Dodged            ||     8

Table legend:
 A = Non-vault XP
 B = Vault XP
 C = Vault XP percentage of total XP
 D = Non-vault monster count
 E = Vault monster count
 F = Vault count percentage of total count
                 A         B        C        D         E       F
            +---------+---------+-------+---------+---------+-------
      Total |       2 |       0 |   0.0 |       1 |       0 |   0.0
            +---------+---------+-------+---------+---------+-------
        D:1 |       2 |       0 |   0.0 |       1 |       0 |   0.0
            +---------+---------+-------+---------+---------+-------
